 Dungeon Crawl Stone Soup version 0.31.0-11-ge490571c62 (webtiles) character file.

Game seed: 3079506427305457334

47 qw the Shooter (level 3, -2/20 HPs)
             Began as a Deep Elf Hunter on Feb 3, 2024.
             Slain by Robin
             ... wielding a +0 spear
              (3 damage)
             ... on level 2 of the Dungeon.
             The game lasted 00:00:04 (830 turns).

qw the Shooter (Deep Elf Hunter)                     Turns: 830, Time: 00:00:04

Health: -2/20      AC:  6    Str: 10    XL:     3   Next: 48%
Magic:  5/5        EV:  9    Int: 13    God:
Gold:   50         SH:  0    Dex: 18    Spells: 2/2 levels left

rFire   . . .        a - +0 shortbow
rCold   . . .        (shield currently unavailable)
rNeg    . . .        d - +0 scale mail
rPois   .            (no helmet)
rElec   .            (no cloak)
rCorr   .            (no gloves)
SInv    .            (no boots)
Will    .....        (no amulet)
Stlth   +            (no ring)
HPRegen 0.23/turn    (no ring)
MPRegen 0.09/turn

%: no passive effects
@: no status effects
A: no striking features
a: no special abilities


You were on level 2 of the Dungeon.
You visited 1 branch of the dungeon, and saw 2 of its levels.

You collected 50 gold pieces.


   Skills:
 - Level 1.5 Fighting
 + Level 7.0 Ranged Weapons
 - Level 2.4 Dodging
 - Level 1.2 Stealth


You had 2 spell levels left.
You didn't know any spells.
Your spell library was empty.

Inventory:

Hand Weapons
 a - a +0 shortbow (weapon)
Armour
 d - a +0 scale mail (worn)
 g - a +0 ring mail
Scrolls
 b - a scroll of identify
Potions
 c - a potion of curing {unknown}
 e - 2 potions of resistance
 f - a potion of attraction {unknown}

Dungeon Overview and Level Annotations

Branches:
Dungeon (2/15)

Altars:

Annotations:
D:2 Robin


Message History

Robin hits you from afar with a +0 spear.
You shoot an arrow. The arrow hits Robin.
Robin is severely wounded.
You hear a shout!
Robin hits you from afar with a +0 spear.
A hobgoblin comes into view.
Robin closely misses you.
You shoot an arrow.
The arrow hits Robin but does no damage.
Robin is severely wounded.
Robin hits you from afar with a +0 spear.
You shoot an arrow. The arrow closely misses Robin.
Robin says, "Bow before me, strongest of all the hobgoblins!"
Robin hits you but does no damage.
You shoot an arrow. The arrow barely misses the hobgoblin.
Robin closely misses you. The hobgoblin barely misses you.
Robin hits you but does no damage.
The hobgoblin hits you but does no damage.
You shoot an arrow. The arrow hits the hobgoblin.
The hobgoblin is lightly wounded.
The hobgoblin closely misses you.
Robin roars a battlecry!
The hobgoblin goes into a battle-frenzy!
You shoot an arrow.
The arrow hits the hobgoblin but does no damage.
The hobgoblin is lightly wounded.
The hobgoblin barely misses you. Robin closely misses you.
You shoot an arrow. The arrow barely misses the hobgoblin.
Robin hits you but does no damage.
The hobgoblin hits you but does no damage.
Robin closely misses you. The hobgoblin hits you.
You shoot an arrow. The arrow hits the hobgoblin.
You kill the hobgoblin!
Robin hits you but does no damage.
You shoot an arrow.
The arrow hits Robin but does no damage.
Robin is severely wounded.
Robin hits you from afar with a +0 spear.
You die...
Robin calls out, "Let's celebrate!
Time for a feast!"

#...## ##.## #. ### #. #.
### #) ..# #### #.#g #.#
...# #.#g #.# ##[#
#.#)####.#####.## #.#
#.#)@............ #.#
#.######.###.#### #.# #.#
####.###.#
#.##########.###....)...#
#................).#....#
##################.........
######.... ####


You could see Robin and a hobgoblin (strong).

Vanquished Creatures
  2 endoplasms (D:1)
  9 hobgoblins
  2 kobolds
  3 quokkas (D:1)
  5 ball pythons
  2 bats (D:1)
  3 frilled lizards
  12 goblins
  6 rats
44 creatures vanquished.

Notes
Turn   | Place    | Note
-------+----------+-------------------------------------------
     0 | D:1      | qw the Deep Elf Hunter began the quest for the Orb.
     0 | D:1      | Reached XP level 1. HP: 12/12 MP: 3/3
     0 | D:1      | 0 ||| qw: Version: 0.3-a-155-g5e7d8dd
     0 | D:1      | 0 ||| qw: Game counter: 3281
     0 | D:1      | 0 ||| qw: Melee chars always use a shield: true
     0 | D:1      | 0 ||| qw: God list: Okawaru
     0 | D:1      | 0 ||| qw: Allow faded altars: false
     0 | D:1      | 0 ||| qw: Do Orc after clearing Dungeon:15 true
     0 | D:1      | 0 ||| qw: Do second Lair branch before Depths: true
     0 | D:1      | 0 ||| qw: Lair rune preference: random
     0 | D:1      | 0 ||| qw: Goals: Normal
     0 | D:1      | 0 ||| PLANNING D:1-11
   201 | D:1      | Reached skill level 6 in Ranged Weapons
   201 | D:1      | Reached XP level 2. HP: 13/16 MP: 4/4
   657 | D:1      | 657 ||| UPGRADING to +0 scale mail.
   667 | D:1      | 667 ||| DROPPING +0 leather armour.
   668 | D:1      | 668 ||| READING scroll labelled QIEM FUKOLAT.
   668 | D:1      | 668 ||| IDENTIFYING metallic purple potion
   669 | D:1      | 669 ||| DROPPING scroll of butterflies.
   689 | D:2      | 689 ||| STAIRDANCE
   694 | D:1      | Reached XP level 3. HP: 19/20 MP: 5/5
   802 | D:2      | Identified the +1 helmet of the Pit {Will+ Int-3 Dex+5}
   802 | D:2      | Noticed Robin
   817 | D:2      | Reached skill level 7 in Ranged Weapons
   822 | D:2      | HP: 4/20 [Robin/+0 spear (2)]
   828 | D:2      | HP: 1/20 [hobgoblin (4)]
   830 | D:2      | Slain by Robin

Levels and vault maps discovered:
D:1:      lightli_arrival_chessboard, layout_basic
D:2:      layout_loops_ring, uniq_terence, uniq_robin

Skill      XL: |  1  2  3 |
---------------+----------+-----
Ranged Weapons | 6 7 |  7.0
Fighting       | |  1.5
Dodging        | |  2.4
Stealth        | |  1.2

Action                     || total
---------------------------++-------
   Fire: Shortbow          ||   112
    Use: Scroll            ||     1
 Armour: Leather armour    ||    13
         Scale mail        ||    39
  Dodge: Dodged            ||    29

Table legend:
 A = Non-vault XP
 B = Vault XP
 C = Vault XP percentage of total XP
 D = Non-vault monster count
 E = Vault monster count
 F = Vault count percentage of total count
                 A         B        C        D         E       F
            +---------+---------+-------+---------+---------+-------
      Total |      52 |      16 |  23.5 |      34 |      10 |  22.7
            +---------+---------+-------+---------+---------+-------
        D:1 |      41 |       0 |   0.0 |      26 |       0 |   0.0
        D:2 |      11 |      16 |  59.3 |       8 |      10 |  55.6
            +---------+---------+-------+---------+---------+-------
